 Dungeon Crawl Stone Soup version 0.17.0-28-g6e173f8 (webtiles) character file.

167 dohliylev the Covert (level 5, 0/38 HPs)
             Began as a Vampire Assassin on Nov 24, 2015.
             Slain by an adder (3 damage)
             ... in a sewer.
             The game lasted 00:19:39 (2504 turns).

dohliylev the Covert (Vampire Assassin)             Turns: 2504, Time: 00:19:39

Health: 0/38       AC:  3    Str: 10    XL:     5   Next: 23%
Magic:  5/5        EV: 12    Int: 14    God:
Gold:   31         SH:  0    Dex: 16    Spells: 0 memorised, 4 levels left

rFire  . . .     SeeInvis +     o - +0 short sword (venom)
rCold  + . .     Clarity  .     c - +0 robe
rNeg   + + .     SustAt   .     (no shield)
rPois  +         Gourm    .     (no helmet)
rElec  .         Spirit   .     d - +0 cloak
rCorr  .         Warding  .     (no gloves)
rMut   .         Stasis   .     (no boots)
MR     .....                    (no amulet)
Stlth  +++++.....               (no ring)
                                (no ring)

@: regenerating slowly, not resistant to hostile enchantments, quite stealthy
A: fangs 3, see invisible, unbreathing
a: Bat Form


You were in a sewer.
You were thirsty.

You visited 1 branch of the dungeon, and saw 3 of its levels.
You also visited: Sewer.

You collected 31 gold pieces.

Inventory:

Hand Weapons
 a - a +2 dagger
 b - a +0 blowgun
 o - a +0 short sword of venom (weapon)
Missiles
 r - 7 poisoned javelins (quivered)
Armour
 c - a +0 robe (worn)
 d - a +0 cloak (worn)
Wands
 t - a wand of fire (10)
Scrolls
 h - a scroll of magic mapping {unknown}
 j - 4 scrolls of remove curse {unknown}
 l - a scroll of identify {unknown}
 m - a scroll of noise {unknown}
 p - a scroll of blinking {unknown}
 q - a scroll of random uselessness {unknown}
 s - a scroll of recharging {unknown}
Potions
 g - 31 potions of blood
 i - 2 potions of brilliance {unknown}
 k - 2 potions of curing {unknown}
 n - 3 potions of heal wounds {unknown}
Books
 u - a Grand Grimoire

   Spells                             Type                      Level
   a - Monstrous Menagerie            Summoning                    6
   b - Summon Greater Demon           Summoning                    7
   c - Malign Gateway                 Summoning/Translocation      7
   d - Summon Horrible Things         Summoning                    8


   Skills:
 - Level 2.0 Fighting
 - Level 2.1 Short Blades
 + Level 1.7 Throwing
 + Level 1.9 Dodging
 + Level 9.4 Stealth


You had 4 spell levels left.
You didn't know any spells.

Dungeon Overview and Level Annotations

Branches:
Dungeon (3/15)

Altars:
Ashenzari
Xom


Innate Abilities, Weirdness & Mutations

You heal slowly.
You have razor-sharp teeth.
You have supernaturally acute eyesight.
You can survive without breathing.


Message History

Press: ? - help, Shift-Dir - straight line, f/p - adder
Aim: an adder You throw a poisoned javelin.
The poisoned javelin hits the adder but does no damage.
The adder is poisoned.
The adder bites you.
* * * LOW HITPOINT WARNING * * *
Wield which item (- for none, * to show all)? (? for menu, Esc to quit)
It begins to drip with poison!
o - a +0 short sword of venom (weapon)
The adder barely misses you.
Things that are here:
a short sword; a stone
Things that are here:
a whip; 2 stones The adder bites you.
* * * LOW HITPOINT WARNING * * *
You closely miss the adder. Your bite misses the adder.
The adder is lightly wounded.
The adder bites you.
You die...

##############
≈≈≈≈≈≈≈≈≈≈≈≈
≈≈≈≈≈≈≈≈≈
#######
#..#@[#
#...S.#
##.).## ≈≈
#..)..# ≈≈≈
#.....#≈≈≈≈
###(###≈≈≈≈
##...≈≈≈≈≈≈
#..r≈≈≈≈≈≈≈
#...≈≈≈≈≈≈≈


You could see an adder and a rat.

Vanquished Creatures
  2 adders (D:3)
  3 gnolls
  5 river rats (Sewer)
  An ooze (D:1)
  3 worms (D:3)
  A giant gecko (D:1)
  4 orcs (D:3)
  2 hobgoblins (D:1)
  4 ball pythons
  5 bats
  2 giant newts (D:2)
  5 goblins
  8 jackals
  10 kobolds
  11 rats
66 creatures vanquished.

Vanquished Creatures (others)
  4 toadstools (D:1)
4 creatures vanquished.

Grand Total: 70 creatures vanquished

Notes
Turn   | Place    | Note
--------------------------------------------------------------
     0 | D:1      | dohliylev the Vampire Assassin began the quest for the Orb.
     0 | D:1      | Reached XP level 1. HP: 16/16 MP: 1/1
    20 | D:1      | Reached skill level 6 in Stealth
   213 | D:1      | Found a shimmering altar of Xom.
   438 | D:1      | Reached XP level 2. HP: 13/22 MP: 2/2
   608 | D:1      | Reached skill level 7 in Stealth
  1034 | D:2      | Reached XP level 3. HP: 27/27 MP: 3/3
  1192 | D:2      | Reached skill level 8 in Stealth
  1290 | D:3      | Found a shattered altar of Ashenzari.
  1419 | D:3      | Reached XP level 4. HP: 24/33 MP: 2/4
  1813 | D:3      | Found a glowing drain.
  1920 | Sewer    | Entered a sewer
  2287 | Sewer    | Reached skill level 9 in Stealth
  2287 | Sewer    | Reached XP level 5. HP: 38/38 MP: 5/5
  2504 | Sewer    | Slain by an adder

Action                   |  1- 3 |  4- 6 || total
-------------------------+-------+-------++-------
Melee: Dagger            |    46 |       ||    46
       Short sword       |    19 |    51 ||    70
 Fire: Blowgun           |    25 |    14 ||    39
Throw: Javelin           |       |     1 ||     1
 Abil: End Transformatio |     1 |     4 ||     5
       Bat Form          |     1 |     4 ||     5
  Use: Potion            |       |     2 ||     2
 Stab: Sleeping          |    11 |    17 ||    28
       Distracted        |     2 |       ||     2
